 Dungeon Crawl Stone Soup version 0.21.1-1-g345015f (webtiles) character file.

67 nightchill the Cutter (level 4, -1/30 HPs)
             Began as a Halfling Skald on Apr 6, 2018.
             Slain by Terence
             ... wielding a +1 short sword of electrocution
              (17 damage)
             ... on level 2 of the Dungeon.
             The game lasted 00:07:11 (1901 turns).

nightchill the Cutter (Halfling Skald)              Turns: 1901, Time: 00:07:11

Health: -1/30      AC:  9    Str: 12    XL:     4   Next: 40%
Magic:  6/6        EV:  8    Int: 11    God:
Gold:   53         SH:  0    Dex: 14    Spells: 5/6 levels left

rFire    . . .     SeeInvis .   a - +0 short sword
rCold    . . .     Gourm    .   (shield restricted)
rNeg     . . .     Faith    .   n - +0 chain mail
rPois    .         Spirit   .   (no helmet)
rElec    .         Reflect  .   (no cloak)
rCorr    .         Harm     .   g - +0 pair of gloves
MR       .....                  (no boots)
Stlth    ..........             (no amulet)
HPRegen  0.10/turn              (no ring)
MPRegen  0.10/turn              (no ring)

@: no status effects
A: small, mutation resistance 1
a: no special abilities


You were on level 2 of the Dungeon.
You were not hungry.

You visited 1 branch of the dungeon, and saw 3 of its levels.

You collected 53 gold pieces.

Inventory:

Hand Weapons
 a - a +0 short sword (weapon)
 b - a +0 hunting sling
 f - a +0 dagger
Missiles
 e - 98 stones (quivered)
 h - 10 sling bullets
 l - 21 poisoned needles
Armour
 g - a +0 pair of gloves (worn)
 m - a +0 leather armour
 n - a +0 chain mail (worn)
 r - a +0 plate armour
Wands
 p - a wand of random effects (24)
Scrolls
 j - 2 scrolls of remove curse {unknown}
 k - a scroll of noise {unknown}
Potions
 i - 2 potions of cancellation {unknown}
 o - a potion of resistance {unknown}
Books
 c - a book of Battle

   Spells                             Type                      Level
   a - Infusion                       Charms                       1
   b - Shroud of Golubria             Charms/Translocation         2
   c - Song of Slaying                Charms                       2
   d - Spectral Weapon                Hexes/Charms                 3
   e - Regeneration                   Charms/Necromancy            3
Comestibles
 d - 7 rations
 q - 2 chunks of flesh


   Skills:
 + Level 2.6 Fighting
 * Level 4.5 Short Blades
 - Level 1.1 Armour
 - Level 2.1 Dodging
 - Level 1.5 Spellcasting
 - Level 3.2 Charms


You had 5 spell levels left.
You knew the following spells:

 Your Spells              Type           Power        Failure   Level  Hunger
a - Infusion              Chrm           #...         98%         1    ##.....


Dungeon Overview and Level Annotations

Branches:
Dungeon (3/15)

Altars:

Annotations:
D:3 Terence


Innate Abilities, Weirdness & Mutations

You are small and have problems with some larger weapons.
You are somewhat resistant to further mutation.


Message History

Evoke which item? (* to show all) (? for menu, Esc to quit)
Aiming: Random Effects
Press: ? - help, Shift-Dir - straight line, f/p - Terence
Aim: Terence, wielding a short sword of electrocution and wearing a scale mail (heavily wounded, fast) Terence resists with significant effort.
Evoke which item? (* to show all) (? for menu, Esc to quit)
Aiming: Random Effects
Press: ? - help, Shift-Dir - straight line, f/p - Terence
Aim: Terence, wielding a short sword of electrocution and wearing a scale mail (heavily wounded, fast) Terence flickers and vanishes!
Deactivating autopickup; reactivate with Ctrl-A.
Something hits you but does no damage. x2; You are electrocuted!
You climb upwards.
There is a stone staircase leading down here.
You hit the kobold.
You kill the kobold!
Something hits you but does no damage. Something hits you but does no damage.
You are electrocuted!
Ouch! That really hurt!
You die...

#..........#.#
#........###
#..........#.#
#.#####>## #
#..........#.# #.# #.#
# #..........#.# ###
#.# # #..........#.#
#.# # #..........#.#
##.# # #..........#.#
#..# # #..........#.#
##.## #
#........{@#.#######..#
###########..........##
#..........#
#..........#
#..........#
#...######## #...#
#...# #..(#


There were no monsters in sight!

Vanquished Creatures
  An adder (D:2)
  An ooze (D:1)
  A worm (D:2)
  3 dart slugs
  An orc (D:2)
  3 giant cockroaches
  8 goblins
  5 hobgoblins
  A quokka (D:1)
  6 bats
  2 frilled lizards
  5 kobolds
  6 rats
43 creatures vanquished.

Notes
Turn   | Place    | Note
-------+----------+-------------------------------------------
     0 | D:1      | nightchill the Halfling Skald began the quest for the Orb.
     0 | D:1      | Reached XP level 1. HP: 14/14 MP: 3/3
   221 | D:1      | Reached skill level 3 in Short Blades
   221 | D:1      | Reached XP level 2. HP: 11/19 MP: 4/4
   679 | D:1      | Reached XP level 3. HP: 24/24 MP: 5/5
   993 | D:2      | Reached skill level 4 in Short Blades
  1216 | D:2      | Reached XP level 4. HP: 15/30 MP: 6/6
  1893 | D:3      | Noticed Terence
  1901 | D:2      | Slain by Terence

Skill      XL: |  1  2  3 |
---------------+----------+-----
Fighting       | 2 |  2.6
Short Blades   | 3 4 |  4.5
Armour         | |  1.1
Dodging        | |  2.1
Spellcasting   | |  1.5
Charms         | |  3.2

Action                   |  1- 3 |  4- 6 || total
-------------------------+-------+-------++-------
Melee: Short sword       |   107 |    56 ||   163
Throw: Stone             |     3 |       ||     3
Evoke: Wand              |       |     4 ||     4
 Stab: Sleeping          |     1 |       ||     1
  Eat: Chunk             |     1 |     2 ||     3
Armor: Leather armour    |    28 |     1 ||    29
       Chain mail        |       |    20 ||    20
Dodge: Dodged            |   104 |    26 ||   130
